 Dungeon Crawl Stone Soup version 0.30.1-4-g462c640d31 (webtiles) character file.

Game seed: 4924187207895210290

618 Anriel the Grave Robber (level 7, -1/50 HPs)
             Began as a Human Necromancer on Aug 18, 2023.
             Slain by an ice beast (13 damage)
             ... on level 4 of the Dungeon.
             The game lasted 00:27:41 (4096 turns).

Anriel the Grave Robber (Human Necromancer)         Turns: 4096, Time: 00:27:42

Health: -1/50      AC:  2    Str:  9    XL:     7   Next: 74%
Magic:  10/13      EV: 13    Int: 23    God:
Gold:   136        SH:  0    Dex: 13    Spells: 2/15 levels left

rFire   . . .        a - +1 dagger (venom)
rCold   . . .        (no shield)
rNeg    . . .        t - +0 robe
rPois   .            (no helmet)
rElec   .            (no cloak)
rCorr   .            (no gloves)
SInv    .            (no boots)
Will    .....        (no amulet)
Stlth   +++          i - +6 ring of intelligence
HPRegen 0.28/turn    (no ring)
MPRegen 0.13/turn

%: no passive effects
@: no status effects
A: no striking features
a: no special abilities


You were on level 4 of the Dungeon.
You visited 1 branch of the dungeon, and saw 4 of its levels.

You collected 136 gold pieces.

Inventory:

Hand Weapons
 a - a +1 dagger of venom (weapon)
 e - a +1 dagger of protection
Armour
 t - a +0 robe (worn)
Jewellery
 c - an amulet of faith
 i - a +6 ring of intelligence (left hand)
 m - a ring of flight
Wands
 l - a wand of polymorph (8)
Scrolls
 d - 3 scrolls of teleportation
 g - a scroll of poison
 h - a scroll of fog
 j - a scroll of immolation
 n - a scroll of identify
 s - a scroll of vulnerability {unknown}
Potions
 b - a potion of magic
 f - 3 potions of mutation
 k - a potion of flight {unknown}
 o - 3 potions of curing
 p - 2 potions of cancellation
 q - a potion of lignification
 r - a potion of heal wounds {unknown}
 u - a potion of might {unknown}


   Skills:
 - Level 2.0 Fighting
 + Level 3.9 Dodging
 + Level 4.2 Stealth
 * Level 4.5 Spellcasting
 + Level 5.1 Necromancy


You had 2 spell levels left.
You knew the following spells:

 Your Spells              Type           Power      Damage    Failure   Level
a - Necrotise             Necr           100%       1d9       1%          1
b - Animate Dead          Necr           28%        N/A       12%         4
c - Vampiric Draining     Necr           28%        2d8       3%          3
d - Agony                 Necr           28%        N/A       34%         5

Your spell library contained the following spells:

 Spells                   Type           Power      Damage    Failure   Level
 Poisonous Vapours        Pois/Air       10%        N/A       16%         2
 Frozen Ramparts          Ice            10%        1d2       30%         3
 Mephitic Cloud           Conj/Pois/Air  5%         N/A       30%         3
 Ice Form                 Ice/Tmut       5%         N/A       69%         4
 Summon Ice Beast         Ice/Summ       5%         N/A       69%         4
 Freezing Cloud           Conj/Ice/Air   2%         6-21      95%         5


Dungeon Overview and Level Annotations

Branches:
Dungeon (4/15)
 Temple: D:4-7

Altars:
Cheibriados
Wu Jian

Shops:
D:3 :


Message History

The iguana barely misses you.
Your kobold zombie barely misses the iguana.
You hit the iguana but do no damage.
The iguana looks as sick as possible!
The iguana is severely wounded.
The iguana bites you.
Your kobold zombie barely misses the iguana.
You hit the iguana.
The iguana looks as sick as possible!
The iguana is almost dead.
You kill the iguana!
Your kobold zombie closely misses the ice beast.
The ice beast hits you. The ice beast freezes you!
Your kobold zombie hits the ice beast but does no damage.
You barely miss the ice beast. The ice beast barely misses you.
Casting: Animate Dead (quite dangerous; 12% risk of failure)
Confirm with . or Enter, or press ? or * to list all spells.
Aiming: Necrotise (safe; 1% risk of failure)
Press: ? - help, Shift-Dir - straight line, f - ice beast
Aim: an ice beast (ally target, chance to affect: 83%)
The ice beast writhes in agony!
The ice beast hits you. The ice beast freezes you!
* * * LOW HITPOINT WARNING * * *
Your kobold zombie hits the ice beast but does no damage.
Casting: Necrotise (safe; 1% risk of failure)
Confirm with . or Enter, or press ? or * to list all spells.
Aiming: Necrotise (safe; 1% risk of failure)
Press: ? - help, Shift-Dir - straight line, f/p - ice beast
Aim: an ice beast (moderately wounded, ally target, chance to affect: 83%)
The ice beast writhes in agony.
The ice beast hits you but does no damage.
Your kobold zombie closely misses the ice beast.
Unknown command.
Casting: Necrotise (safe; 1% risk of failure)
Confirm with . or Enter, or press ? or * to list all spells.
Aiming: Necrotise (safe; 1% risk of failure)
Press: ? - help, Shift-Dir - straight line, f/p - ice beast
Aim: an ice beast (heavily wounded, ally target, chance to affect: 83%)
The ice beast writhes in agony!
The ice beast hits you.
* * * LOW HITPOINT WARNING * * *
The ice beast freezes you!
You die...

............
......[..###
#########..# #...)#
##..##
#######.88.###.....
###.Z.Z##.88.#...####
#†.####.#....'.### #
#ZZ####.#'######
###Z@##Z#Z.#
#Y.##.#.Z##
#..###Z####.#
#..###.# #Z# ###[$#.#
#.# #(?#.####.#
#####...Z## ######


You could see an ice beast (ally target), a friendly adder zombie, a friendly
kobold zombie and a friendly orc zombie.

Vanquished Creatures
  Sigmund (D:2)
  An ice beast (D:4)
  A bullfrog (D:4)
  A scorpion (D:4)
  2 iguanas (D:4)
  A gnoll (D:1)
  6 adders
  3 dart slugs
  3 orcs
  7 bats
  4 endoplasms
  4 giant cockroaches
  11 goblins
  7 hobgoblins
  3 jackals (D:4)
  7 quokkas
  6 ball pythons
  3 frilled lizards
  9 kobolds
  7 rats
87 creatures vanquished.

Vanquished Creatures (collateral kills)
  An orc priest (D:3)
  A worm (D:2)
  2 orcs (D:4)
  A hobgoblin (D:1)
  2 jackals (D:4)
  A frilled lizard (D:3)
  2 goblins
10 creatures vanquished.

Vanquished Creatures (others)
  An iguana zombie (D:4)
  A giant cockroach zombie (D:4)
  A goblin zombie (D:4)
  A hobgoblin zombie (D:4)
  An orc zombie (D:4)
  A quokka zombie (D:4)
6 creatures vanquished.

Grand Total: 103 creatures vanquished

Notes
Turn   | Place    | Note
-------+----------+-------------------------------------------
     0 | D:1      | Anriel the Human Necromancer began the quest for the Orb.
     0 | D:1      | Reached XP level 1. HP: 13/13 MP: 3/3
   210 | D:1      | Reached XP level 2. HP: 15/20 MP: 1/5
   324 | D:1      | Reached skill level 1 in Fighting
   432 | D:1      | Reached XP level 3. HP: 26/26 MP: 0/6
   783 | D:1      | Found a faded altar of an unknown god.
   793 | D:1      | Reached XP level 4. HP: 33/33 MP: 0/7
   798 | D:1      | Learned a level 4 spell: Animate Dead
  1208 | D:2      | Noticed Sigmund
  1224 | D:1      | HP: 2/49 [poisoned by a goblin]
  1540 | D:3      | Found Ugiwnag's Book Shoppe.
  1584 | D:3      | Found a snail-covered altar of Cheibriados.
  1685 | D:3      | Reached XP level 5. HP: 32/38 MP: 3/8
  1845 | D:3      | Learned a level 3 spell: Vampiric Draining
  2429 | D:2      | Found an ornate altar of the Wu Jian Council.
  3057 | D:2      | Killed Sigmund
  3058 | D:2      | Reached XP level 6. HP: 18/44 MP: 1/11
  3464 | D:4      | Noticed an ice beast
  3476 | D:4      | Reached XP level 7. HP: 4/50 MP: 8/12
  3997 | D:4      | Reached skill level 5 in Necromancy
  4007 | D:4      | Learned a level 5 spell: Agony
  4096 | D:4      | Slain by an ice beast

Illustrated notes

Levels and vault maps discovered:
D:1:      dpeg_arrival_tiny_d, layout_basic,
          dreamdust_ecumenical_altar_hidden_monk_grotto, minmay_vboxes
D:2:      layout_loops_ring, basic_altar, uniq_sigmund
D:3:      layout_loops_cross, mainiacjoe_overflow_surrounded_room, serial_shops,
          nicolae_shop_trees
D:4:      minmay_chambers_of_fours, layout_basic

Skill      XL: |  1  2  3  4  5  6  7 |
---------------+----------------------+-----
Fighting       | 1 2 |  2.0
Stealth        | 3 4 |  4.2
Dodging        | 3 |  3.9
Spellcasting   | 3 4 |  4.5
Necromancy     | 5 |  5.1

Action                     |  1- 3 |  4- 6 |  7- 9 || total
---------------------------+-------+-------+-------++-------
  Melee: Unarmed           |     3 |       |       ||     3
         Dagger            |    38 |   118 |    58 ||   214
         Punch             |       |     3 |       ||     3
   Cast: Necrotise         |    47 |    36 |     6 ||    89
         Vampiric Draining |       |     2 |       ||     2
         Animate Dead      |       |     1 |     4 ||     5
    Use: Scroll            |       |     9 |     1 ||    10
         Potion            |       |     2 |       ||     2
   Stab: Sleeping          |     4 |     5 |     2 ||    11
         Distracted        |       |     1 |       ||     1
 Armour: Robe              |    25 |    24 |     6 ||    55
  Dodge: Dodged            |    64 |    78 |    41 ||   183
